 Dungeon Crawl Stone Soup version 0.31-a0-237-g2d982f9f85 (webtiles) character file.

Game seed: 3305469572145828355

76740 Pooter the Crack Shot (level 15, -7/211 HPs)
             Began as a Minotaur Berserker on July 11, 2023.
             Was a High Priest of Trog.
             Mangled by a manticore (11 damage)
             ... on level 5 of the Lair of Beasts.
             The game lasted 01:51:28 (44666 turns).

Pooter the Crack Shot (Minotaur Berserker)         Turns: 44666, Time: 01:51:28

Health: -7/211     AC: 15    Str: 26    XL:     15   Next: 13%
Magic:  14/14      EV:  8    Int:  4    God:    Trog [*****.]
Gold:   542        SH:  5    Dex: 19    Spells: 14/14 levels left

rFire   + . .        a - +4 battleaxe (heavy)
rCold   . . .        (shield currently unavailable)
rNeg    . . .        L - +2 plate armour {rF+}
rPois   +            (helmet restricted)
rElec   .            A - scarf {+Inv}
rCorr   .            v - +0 pair of gloves
SInv    .            p - +0 pair of boots
Will    +....        z - amulet of reflection Stlth
                     W - +6 ring of dexterity
HPRegen 0.55/turn    P - ring of poison resistance
MPRegen 0.14/turn

%: reflection
@: berserking, frozen, slowed, very slow
A: horns 2, retaliatory headbutt
a: Renounce Religion, Evoke Invisibility, Berserk, Trog's Hand, Brothers in Arms


You were on level 5 of the Lair of Beasts.
You worshipped Trog.
Trog was extremely pleased with you.
You visited 3 branches of the dungeon, and saw 18 of its levels.
You also visited: Sewer.

You collected 1677 gold pieces.
You spent 1135 gold pieces at shops.

Inventory:

Hand Weapons
 a - a +4 heavy battleaxe (weapon)
   (You took it off an orc warrior on level 9 of the Dungeon)
 b - the +27 heavy crossbow "Sniper" {heavy, Acc+∞ SInv}
   (You acquired it in a sewer)

   Acc+∞: It never misses its target.
   SInv:      It lets you see invisible.
 C - a +1 arbalest of draining
   (You found it on level 9 of the Dungeon)
 E - the +2 battleaxe of Joyful Slaughter {flame, rC+ SInv}
   (You found it on level 9 of the Dungeon)

   rC:        It protects you from cold.
   SInv:      It lets you see invisible.
 F - a +3 dire flail
   (You took it off a wight on level 6 of the Dungeon)
 X - a +1 demon whip of venom
   (You took it off Amaemon on level 2 of the Lair of Beasts)
 Y - a +3 executioner's axe of freezing
   (You acquired it on level 3 of the Lair of Beasts)
Missiles
 n - a throwing net {!f}
 o - 28 boomerangs (quivered)
 y - 10 poisoned darts
 H - 6 curare-tipped darts
 K - 3 silver boomerangs
Armour
 i - a +0 cloak
   (You found it on level 4 of the Lair of Beasts)
 p - a +0 pair of boots (worn)
   (You found it on level 3 of the Dungeon)
 v - a +0 pair of gloves (worn)
   (You found it on level 9 of the Dungeon)
 A - a scarf of invisibility (worn)
   (You found it on level 4 of the Lair of Beasts)
 L - a +2 plate armour of fire resistance (worn)
   (You took it off Saint Roka on level 2 of the Orcish Mines)
Jewellery
 q - a ring of flight
   (You took it off an orc wizard on level 10 of the Dungeon)
 z - an amulet of reflection (around neck)
   (You found it on level 6 of the Dungeon)
 B - a +4 ring of protection
   (You found it on level 6 of the Dungeon)
 G - an amulet of guardian spirit
   (You found it on level 3 of the Dungeon)
 I - a ring of protection from cold
   (You found it on level 7 of the Dungeon)
 P - a ring of poison resistance (right hand)
   (You found it on level 1 of the Lair of Beasts)
 T - a ring of willpower
   (You found it on level 1 of the Lair of Beasts)
 W - a +6 ring of dexterity (left hand)
   (You took it off an orc on level 5 of the Dungeon)
Wands
 f - a wand of flame (58)
   (You took it off Natasha on level 3 of the Dungeon)
 r - a wand of mindburst (8)
   (You found it on level 4 of the Dungeon)
 u - a wand of paralysis (8)
   (You took it off an orc wizard on level 11 of the Dungeon)
 x - a wand of acid (7)
   (You bought it in a shop on level 2 of the Dungeon)
 M - a wand of roots (12)
   (You bought it in a shop on level 2 of the Orcish Mines)
Scrolls
 g - 3 scrolls of summoning
 m - 2 scrolls of revelation
 s - 4 scrolls of immolation {!r}
 t - 2 scrolls of teleportation {@r4}
 w - 5 scrolls of fog
 N - 2 scrolls of poison {!r}
 R - a scroll of fear
 U - a scroll of silence
 V - 2 scrolls of blinking
Potions
 c - 9 potions of curing {@q1}
 d - 3 potions of lignification {!q}
 e - 6 potions of heal wounds {@q2}
 h - 6 potions of mutation {!q}
 j - 5 potions of enlightenment
 k - 3 potions of might
 l - a potion of resistance
 D - 3 potions of invisibility
 O - a potion of haste {@q3}
 S - a potion of cancellation
 Z - a potion of attraction {unknown}
Miscellaneous
 J - a tin of tremorstones (2/2)
   (You found it on level 2 of the Orcish Mines)


   Skills:
 + Level 15.4 Fighting
 * Level 17.1(17.3) Axes
 - Level 3.5(11.7) Polearms
 * Level 21.0 Ranged Weapons
 - Level 2.4 Armour
 - Level 2.1 Dodging
 - Level 3.7 Stealth
 + Level 6.6 Evocations


You had 14 spell levels left.
You didn't know any spells.
Your spell library was empty.

Dungeon Overview and Level Annotations

Branches:
Dungeon (11/15) Zot: 24782  Temple (0/1) D:6            Lair (5/5) D:11 Zot: 14792
  Swamp (0/4) Lair:2        Snake (0/4) Lair:3        Slime (0/5) Lair:5
    Orc (2/2) D:9 Zot: 405     Elf (0/3) Orc:2         Sewer (visited)

Altars:
Dithmenos
Elyvilon
Fedhas
Okawaru
Uskayaw
Wu Jian
Jiyva

Shops:
D:2 *   D:7 (!!   Orc:2 (*==

Annotations:
D:3 3 runed translucent doors, coffeetime's ghost, amateur GrFi


Innate Abilities, Weirdness & Mutations

You have a pair of horns on your head.
You reflexively headbutt those who attack you in melee.


Message History

A death yak comes into view.
You shoot a bolt. The death yak bellows!
The bolt hits the death yak!!!
You hear a roar!
The death yak gores you but does no damage.
The death yak gores you! You block the death yak's attack.
The death yak gores you!!
You shoot a bolt. The bolt hits the death yak!!
You kill the death yak!
Trog accepts your kill. The rime drake breathes ice at you.
The icy flash freeze hits you!!
* * * LOW HITPOINT WARNING * * *
You are encased in ice.
The torpor snail bites you but does no damage.
You are too injured to fight recklessly!
Fire: b) +27 heavy crossbow "Sniper" {heavy, Acc+∞ SInv}
Press: ? - help, Q - select action, (/) - cycle Shift-Dir - straight line, f - torpor snail
Aim: a torpor snail (heavily wounded, 100% to hit)
You shoot a bolt. The bolt hits the torpor snail!!
The ice encasing you melts away. The death yak gores you!!
* * * LOW HITPOINT WARNING * * *
The death yak gores you!
* * * LOW HITPOINT WARNING * * *
a - a +4 heavy battleaxe (weapon)
The death yak gores you.
* * * LOW HITPOINT WARNING * * *
A red film seems to cover your vision as you go berserk!
You feel yourself moving faster!
You feel mighty! The death yak gores you!!
* * * LOW HITPOINT WARNING * * *
You slice the death yak!! The death yak gores you.
* * * LOW HITPOINT WARNING * * *
The death yak gores you but does no damage.
You slash the death yak! You block the death yak's attack.
You hit the death yak. The death yak gores you!
* * * LOW HITPOINT WARNING * * *
You carve the death yak like a ham!!!
You kill the death yak!
Trog accepts your kill. The rime drake breathes ice at you.
The icy flash freeze hits you!
* * * LOW HITPOINT WARNING * * *
You are encased in ice.
You slice the manticore!! The manticore bites you.
* * * LOW HITPOINT WARNING * * *
The manticore claws you but does no damage.
The manticore barely misses you. The manticore bites you!
You die...

........ #....#.
........ ##### ..#
##..... ........
##...#.#. #.....
........ #....#..
#....P ........
##...... ......
........ #......
#...... ........
#..kw. ##.....
........ ##..#H###
........ #...#@..# ###
##.... ........
#...#...####.###....##
........
#.......#.....##....#.
........
##..#####.....##......
........
#......#.....##......
........
##.....#.....#.......
........
#.#.........##.......
........
###...#.#...##.......
........
#.......#.....##...


You could see a torpor snail, a manticore and a rime drake.

Vanquished Creatures
  Saint Roka (Orc:2)
  Rupert (Lair:3)
  An orc warlord (Orc:1)
  Josephine (D:10)
  A catoblepas (Lair:1)
  5 hydras
  A centaur warrior (D:10)
  6 two-headed ogres
  A boulder beetle (Lair:2)
  6 death yaks
  3 orc high priests (Orc:2)
  2 skysharks (Lair:2)
  Sonja (D:10)
  Amaemon (Lair:2)
  6 orc knights (Orc:2)
  A wolf spider (Lair:5)
  A cyclops (D:11)
  5 orc sorcerers
  15 elephants
  A manticore (D:11)
  A guardian serpent (Lair:5)
  14 black mambas
  A torpor snail (Lair:3)
  12 cane toads
  Maggie (D:9)
  An unseen horror (D:11)
  An orange demon (Lair:3)
  A rime drake (Lair:4)
  Psyche (D:9)
  7 komodo dragons
  5 trolls
  A polar bear (Lair:1)
  2 hornets (Lair:5)
  20 blink frogs
  A dream sheep (Lair:2)
  Sigmund (D:5)
  6 wraiths
  47 yaks
  3 shadows
  Eustachio (D:6)
  3 basilisks
  14 wyverns
  2 steam dragons
  A redback (Lair:5)
  4 two-headed ogre zombies (D:9)
  Edmund (D:6)
  An acid dragon (D:10)
  A swamp worm (Lair:2)
  6 wargs
  29 water moccasins
  2 black bears
  52 orc warriors
  5 centaurs
  5 wolves (Lair:5)
  19 ogres
  4 phantoms
  A kobold brigand (D:9)
  Blork the orc (D:5)
  15 bullfrogs
  A gnoll sergeant (D:7)
  3 scorpions
  3 wights (D:6)
  2 troll zombies (D:9)
  5 killer bees (D:10)
  3 howler monkeys
  An electric eel (Lair:2)
  5 hounds
  4 jellies
  37 orc priests
  A sleepcap (D:6)
  32 orc wizards
  Ijyb (D:5)
  Natasha (thrice) (D:3)
  4 iguanas
  6 hell rats
  2 ogre zombies (D:9)
  12 gnolls
  4 adders
  2 shadow imps
  3 ufetubi
  4 dart slugs
  136 orcs
  2 bats
  10 endoplasms
  4 giant cockroaches
  7 goblins
  6 hobgoblins
  4 quokkas
  2 ball pythons (D:1)
  3 frilled lizards
  2 goblin skeletons (D:9)
  A goblin zombie (D:9)
  A hobgoblin zombie (D:9)
  10 kobolds
  6 orc skeletons (D:9)
  15 orc zombies (D:9)
  11 rats
711 creatures vanquished.

Notes
Turn   | Place    | Note
-------+----------+-------------------------------------------
     0 | D:1      | Pooter the Minotaur Berserker began the quest for the Orb.
     0 | D:1      | Reached XP level 1. HP: 19/19 MP: 0/0
   371 | D:1      | Reached XP level 2. HP: 22/27 MP: 1/1
   624 | D:1      | Reached skill level 1 in Stealth
  1348 | D:2      | Reached ** piety under Trog
  1370 | D:2      | Reached XP level 3. HP: 26/33 MP: 2/2
  1511 | D:2      | Found Aseegh's General Store.
  1519 | D:2      | Bought a scroll of identify for 24 gold pieces
  1519 | D:2      | Bought a scroll of identify for 24 gold pieces
  1519 | D:2      | Bought a scroll of identify for 24 gold pieces
  1787 | D:3      | Reached XP level 4. HP: 40/40 MP: 3/3
  1983 | D:3      | Reached skill level 5 in Axes
  1984 | D:3      | Reached XP level 5. HP: 47/47 MP: 4/4
  2074 | D:3      | Noticed Natasha
  2079 | D:3      | Killed Natasha
  2091 | D:3      | Noticed Natasha
  2095 | D:3      | Killed Natasha
  2127 | D:3      | Noticed Natasha
  2155 | D:3      | Killed Natasha
  2377 | D:3      | Found a runed translucent gate.
  2377 | D:3      | Found a runed translucent gate.
  2377 | D:3      | Found a runed translucent gate.
  2380 | D:3      | Noticed coffeetime's ghost (amateur GrFi)
  2616 | D:4      | Noticed an ogre
  2622 | D:4      | Killed an ogre
  2623 | D:4      | Reached XP level 6. HP: 55/55 MP: 5/5
  2668 | D:4      | Reached skill level 5 in Fighting
  3118 | D:4      | Reached skill level 1 in Ranged Weapons
  3310 | D:5      | Entered Level 5 of the Dungeon
  3315 | D:5      | Reached XP level 7. HP: 61/61 MP: 6/6
  3377 | D:4      | Reached skill level 2 in Ranged Weapons
  3504 | D:5      | Reached skill level 3 in Ranged Weapons
  3566 | D:5      | Noticed Ijyb
  3577 | D:5      | Killed Ijyb
  3649 | D:5      | Reached skill level 4 in Ranged Weapons
  3649 | D:5      | Reached XP level 8. HP: 59/70 MP: 4/7
  3741 | D:5      | Noticed Sigmund
  3792 | D:5      | Found a hide-covered altar of Uskayaw.
  3880 | D:5      | Killed Sigmund
  3881 | D:5      | Reached skill level 5 in Ranged Weapons
  3972 | D:5      | Noticed Blork the orc
  3979 | D:5      | Killed Blork the orc
  3980 | D:5      | Reached skill level 1 in Polearms
  4348 | D:6      | Noticed Eustachio
  4371 | D:6      | Killed Eustachio
  4389 | D:6      | Found a staircase to the Ecumenical Temple.
  4561 | D:6      | Reached skill level 6 in Ranged Weapons
  4729 | D:6      | Found a glowing drain.
  4734 | D:6      | Reached *** piety under Trog
  4742 | Sewer    | Entered a sewer
  5219 | Sewer    | Identified a scroll of acquirement
  5220 | Sewer    | Acquired the +27 heavy crossbow "Sniper" {heavy, Acc+∞
                  | SInv}
  5220 | Sewer    | Found the +27 heavy crossbow "Sniper" {heavy, Acc+∞ SInv}
  5389 | D:6      | Noticed Edmund
  5391 | D:6      | Killed Edmund
  5392 | D:6      | Reached XP level 9. HP: 67/79 MP: 6/8
  5824 | D:6      | Reached skill level 7 in Ranged Weapons
  6139 | D:7      | Found Tomidiq's Distillery.
  6144 | D:7      | Bought a potion of might for 60 gold pieces
  6144 | D:7      | Bought a potion of might for 60 gold pieces
  6144 | D:7      | Bought a potion of degeneration for 15 gold pieces
  7584 | D:7      | Found a blossoming altar of Fedhas.
  7612 | D:7      | Found Qiga's Distillery.
  7888 | D:7      | Found the +4 robe of Folly {Brill Will-∞ Int+8}
  8002 | D:7      | Found Xuchyfr Xumo's Antique Weapon Emporium.
  8042 | D:7      | Found a white marble altar of Elyvilon.
  8074 | D:7      | Reached skill level 8 in Ranged Weapons
  8227 | D:7      | Bought a potion of invisibility for 96 gold pieces
  8432 | D:8      | Found an iron altar of Okawaru.
  8808 | D:8      | Reached **** piety under Trog
  9433 | D:8      | Reached skill level 9 in Ranged Weapons
  9870 | D:8      | Reached XP level 10. HP: 91/91 MP: 9/9
 10328 | D:9      | Reached skill level 10 in Ranged Weapons
 10487 | D:9      | Identified the +2 battleaxe of Joyful Slaughter {flame, rC+
                  | SInv}
 10533 | D:9      | Noticed Maggie
 10534 | D:9      | Killed Maggie
 10941 | D:9      | Noticed Psyche
 10943 | D:9      | Killed Psyche
 10944 | D:9      | Reached skill level 10 in Axes
 10955 | D:9      | Reached skill level 10 in Fighting
 11029 | D:9      | Reached ***** piety under Trog
 11030 | D:9      | Reached skill level 11 in Ranged Weapons
 11914 | D:9      | Found a staircase to the Orcish Mines.
 13648 | D:9      | Found an ornate altar of the Wu Jian Council.
 13817 | D:10     | Entered Level 10 of the Dungeon
 14649 | D:7      | Bought a potion of resistance for 120 gold pieces
 14753 | D:10     | Reached XP level 11. HP: 101/101 MP: 10/10
 14966 | D:10     | Noticed a centaur warrior
 14968 | D:10     | Killed a centaur warrior
 14969 | D:10     | Reached skill level 12 in Ranged Weapons
 15412 | D:10     | Found a shadowy altar of Dithmenos.
 15621 | D:10     | Noticed Josephine
 15623 | D:10     | Killed Josephine
 15941 | D:10     | Noticed Sonja
 15943 | D:10     | Killed Sonja
 16214 | D:10     | Acquired a manual of Ranged Weapons
 16230 | D:10     | Reached skill level 13 in Ranged Weapons
 16397 | D:10     | Noticed a two-headed ogre
 16400 | D:10     | Killed a two-headed ogre
 16644 | Orc:1    | Entered Level 1 of the Orcish Mines
 16809 | Orc:2    | Entered Level 2 of the Orcish Mines
 17309 | Orc:2    | Reached skill level 14 in Ranged Weapons
 19163 | Orc:1    | Received a gift from Trog
 20906 | Orc:1    | Noticed a two-headed ogre
 20907 | Orc:1    | Killed a two-headed ogre
 21215 | Orc:1    | You fall into a shaft and drop 1 floor!
 21218 | Orc:2    | Noticed an orc high priest
 21220 | Orc:2    | Killed an orc high priest
 21221 | Orc:2    | Reached skill level 15 in Ranged Weapons
 21227 | Orc:2    | Reached XP level 12. HP: 112/112 MP: 11/11
 22003 | Orc:2    | Noticed an orc high priest
 22003 | Orc:2    | Noticed a two-headed ogre
 22506 | Orc:2    | Reached skill level 16 in Ranged Weapons
 24331 | Orc:1    | Noticed an orc warlord
 24341 | Orc:1    | Killed an orc warlord
 24761 | Orc:2    | Reached skill level 17 in Ranged Weapons
 24764 | Orc:2    | Received a gift from Trog
 25184 | Orc:2    | Killed a two-headed ogre
 25300 | Orc:2    | Found a staircase to the Elven Halls.
 25513 | Orc:2    | Killed an orc high priest
 25544 | Orc:2    | Reached skill level 1 in Evocations
 25814 | Orc:2    | Reached skill level 18 in Ranged Weapons
 25865 | Orc:2    | Noticed a two-headed ogre
 25872 | Orc:2    | Killed a two-headed ogre
 26471 | Orc:2    | Found Jyel Aru's Jewellery Boutique.
 26482 | Orc:2    | Found Wassaeff's Jewellery Shop.
 26484 | Orc:2    | Reached XP level 13. HP: 122/122 MP: 12/12
 26793 | Orc:2    | Noticed Saint Roka
 26807 | Orc:2    | Killed Saint Roka
 27168 | Orc:2    | Glimpsed the power of Zot.
 27170 | Orc:2    | Found Dubo's Assorted Antiques.
 27179 | Orc:2    | Bought a crooked copper wand for 140 gold pieces
 27179 | Orc:2    | Bought a scroll of identify for 70 gold pieces
 27339 | Orc:1    | Reached skill level 19 in Ranged Weapons
 27630 | Orc:2    | Glimpsed the power of Zot.
 27631 | Orc:2    | Found Qaopumm's Antique Weapon Boutique.
 28028 | D:2      | Bought a wand of acid (7) for 352 gold pieces
 28133 | D:7      | Bought a potion of haste for 150 gold pieces
 29189 | D:11     | Found a staircase to the Lair.
 29504 | D:11     | Identified the +3 dagger "Dyostach" {vamp, rF++ rCorr Str+2
                  | SInv}
 29899 | Lair:1   | Entered Level 1 of the Lair of Beasts
 30782 | Lair:2   | Received a gift from Trog
 30867 | Lair:2   | Reached skill level 15 in Axes
 31395 | Lair:2   | Found a staircase to the Swamp.
 31801 | Lair:2   | Reached XP level 14. HP: 126/133 MP: 13/13
 32534 | Lair:2   | Reached skill level 5 in Evocations
 32693 | Lair:3   | Noticed Amaemon
 32697 | Lair:2   | Killed Amaemon
 32843 | Lair:3   | Acquired a +3 executioner's axe of freezing
 32871 | Lair:3   | Reached skill level 20 in Ranged Weapons
 33667 | Lair:3   | Found a staircase to the Snake Pit.
 33744 | Lair:3   | Noticed Rupert
 33747 | Lair:3   | Killed Rupert
 36182 | Lair:5   | Entered Level 5 of the Lair of Beasts
 36187 | Lair:5   | Reached skill level 15 in Fighting
 37546 | Lair:5   | Received a gift from Trog
 39208 | Lair:5   | Reached XP level 15. HP: 141/141 MP: 14/14
 43260 | Lair:5   | Found a staircase to the Slime Pits.
 43261 | Lair:5   | Found a viscous altar of Jiyva.
 44102 | Lair:5   | Reached skill level 21 in Ranged Weapons
 44665 | Lair:5   | HP: 9/211 [rime drake/icy flash freeze (8)]
 44666 | Lair:5   | HP: 4/211 [manticore (5)]
 44666 | Lair:5   | Mangled by a manticore

Illustrated notes

Levels and vault maps discovered:
D:1:      dpeg_arrival_boxes_within_box, layout_basic, minmay_stone_trees_small,
          hangedman_decor_points
D:2:      layout_basic, serial_shops, shop
D:3:      layout_loops_ring, gammafunk_ghost_necromancy, uniq_natasha
D:4:      layout_gridville
D:5:      layout_rooms, nicolae_uskayaw_suspiria,
          hangedman_decor_diamond_cutter, hex_tiny, uniq_ijyb, uniq_sigmund,
          uniq_blork_the_orc
D:6:      layout_loops_cross, minmay_temple_entry_grid, portal_sewer_entry_f,
          abandoned_shop, uniq_eustachio, uniq_edmund
D:7:      layout_layer_cave, fedhas_ov_isle_minmay, kennysheep_mini,
          serial_shops, kennysheep_little_box, shop, nicolae_stop_n_shop_2
D:8:      layout_basic, kennysheep_okawaru_gauntlet, minmay_misc_feat_doors,
          minmay_misc_feat_rugged
D:9:      layout_irregular_city, nicolae_wu_jian_immortal_techniques,
          zombieorc2_lemuel, uniq_psyche, uniq_maggie
D:10:     layout_loops_ring, grunt_dithmenos_smoke_and_mirrors, uniq_josephine,
          uniq_sonja
D:11:     layout_basic, due_lair_maze_entry_diamond
Lair:1:   layout_long_grid, serial_bayou_shore_a
Lair:2:   layout_layer_cave, nicolae_swamp_entry_splash_gauntlet,
          minmay_shattered_shrine, grunt_megastairs_5
Lair:3:   layout_loops_ring, minmay_snake_entry_six_corridors,
          infiniplex_staircase_pool, uniq_rupert, uniq_amaemon
Lair:4:   layout_gridlike, grunt_megastairs_3
Lair:5:   hangedman_lair_in_review, layout_regular_city,
          hangedman_lair_tendril_chambers, nicolae_slime_entry_slimehenge
Orc:1:    layout_diamond_mine, guppyfry_library_mini
Orc:2:    pubby_orc_utopia, serial_shops

Skill      XL: |  1  2  3  4  5  6  7  8  9 10 11 12 13 14 15 |
---------------+----------------------------------------------+-----
Axes           | 4 5 6 7 8 9 10 12 13 15 16 17 | 17.1
Stealth        | 1 2 3 |  3.7
Fighting       | 4 5 6 7 9 10 12 13 14 15 | 15.4
Ranged Weapons | 1 4 6 9 11 15 18 19 20 21 | 21.0
Polearms       | 3 |  3.5
Evocations     | 2 4 6 |  6.6
Armour         | |  2.4
Dodging        | |  2.1

Action                     |  1- 3 |  4- 6 |  7- 9 | 10-12 | 13-15 || total
---------------------------+-------+-------+-------+-------+-------++-------
  Melee: Hand axe          |    55 |    84 |    31 |       |       ||   170
         Headbutt          |     8 |    12 |    19 |    10 |     9 ||    58
         Punch             |       |     1 |       |       |       ||     1
         Mace              |       |       |    26 |       |       ||    26
         Halberd           |       |       |    75 |       |       ||    75
         Battleaxe         |       |       |       |    37 |    46 ||    83
   Fire: Sling             |       |    10 |       |       |       ||    10
         Shortbow          |       |       |    37 |       |       ||    37
         Heavy crossbow    |       |       |    60 |   299 |   328 ||   687
  Throw: Stone             |    10 |     3 |     2 |       |       ||    15
 Invoke: Berserk           |     1 |     5 |     4 |     5 |     3 ||    18
         Trog's Hand       |       |     3 |     7 |     1 |     6 ||    17
  Evoke: Wand              |       |     5 |     4 |       |       ||     9
    Use: Scroll            |     3 |     2 |    11 |    10 |     9 ||    35
         Potion            |     1 |       |       |     1 |       ||     2
 Armour: Chain mail        |    21 |    46 |    69 |       |       ||   136
         Animal skin       |     1 |       |       |       |       ||     1
         Plate armour      |       |       |    48 |   151 |    97 ||   296
  Dodge: Dodged            |    33 |    41 |    80 |    99 |    75 ||   328
  Block: Other             |       |       |    13 |    56 |    50 ||   119
         Reflection        |       |       |     6 |     5 |       ||    11

Table legend: (Time is in decaauts)
 A = Elapsed time spent in this place.
 B = Non-inter-level travel time spent in this place.
 C = Inter-level travel time spent in this place.
 D = Time resting spent in this place.
 E = Time spent auto-exploring this place.
 F = Levels seen in this place.
 G = Mean time per level.
                   A        B        C        D        E       F      G
               +--------+--------+--------+--------+--------+-----+--------+
         Total |  46303 |  44809 |   1494 |  28853 |  11329 |  19 | 2437.0 |
       Dungeon |  18985 |  17906 |   1079 |   9126 |   6538 |  11 | 1725.9 |
          Lair |  15206 |  15075 |    131 |  10883 |   3122 |   5 | 3041.2 |
  Orcish Mines |  11594 |  11311 |    283 |   8473 |   1583 |   2 | 5797.0 |
         Sewer |    517 |    517 |      0 |    370 |     84 |   1 |  517.0 |
               +--------+--------+--------+--------+--------+-----+--------+

Top non-repeatable levels by time:
  Lair:5: 8446 daAuts
   Orc:2: 8296 daAuts
     D:9: 3862 daAuts
   Orc:1: 3298 daAuts
    D:10: 2744 daAuts
     D:7: 2483 daAuts
  Lair:4: 2422 daAuts
  Lair:2: 2223 daAuts
     D:8: 2010 daAuts
    D:11: 1849 daAuts
     D:6: 1489 daAuts
  Lair:3: 1315 daAuts
     D:5: 944 daAuts
     D:3: 935 daAuts
     D:1: 910 daAuts
